 Dungeon Crawl Stone Soup version 0.29.1-12-g30fa7ad0bf (webtiles) character file.

Game seed: 15102963386063971474

1131 112233 the Thaumaturge (level 8, 0/52 HPs)
             Began as a Demonspawn Fire Elementalist on Dec 26, 2022.
             Slain by a troll (14 damage)
             ... on level 6 of the Dungeon.
             The game lasted 00:03:51 (7106 turns).

112233 the Thaumaturge (DsFE)                       Turns: 7106, Time: 00:03:51

Health: 0/52       AC:  7    Str: 10    XL:     8   Next: 13%
Magic:  12/21      EV: 12    Int: 18    God:
Gold:   309        SH:  0    Dex: 13    Spells: 19/25 levels left

rFire   . . .      SeeInvis .   p - +4 dagger (venom)
rCold   . . .      Faith    .   (no shield)
rNeg    . . .      Spirit   .   a - +0 robe
rPois   .          Reflect  .   (no helmet)
rElec   +          Harm     .   l - +0 cloak
rCorr   .          Rampage  .   (no gloves)
Will    .....                   (no boots)
Stlth   ++........              (no amulet)
HPRegen 0.17/turn               (no ring)
MPRegen 0.17/turn               (no ring)

@: no status effects
A: thin metallic scales 3, foul stench 2, demonic magic 1
a: no special abilities


You were on level 6 of the Dungeon.
You visited 1 branch of the dungeon, and saw 7 of its levels.

You collected 309 gold pieces.

Inventory:

Hand Weapons
 p - a +4 dagger of venom (weapon)
Missiles
 w - 2 throwing nets
Armour
 a - a +0 robe (worn)
 l - a +0 cloak (worn)
 n - a +0 helmet
Scrolls
 d - 2 scrolls of poison {unknown}
 g - a scroll of blinking
 h - a scroll of teleportation
 j - 2 scrolls of magic mapping
 m - a scroll of vulnerability {unknown}
 q - a scroll of silence {unknown}
 r - a scroll of identify {unknown}
 s - a scroll of immolation {unknown}
 t - 2 scrolls of fog {unknown}
 u - a scroll of enchant weapon {unknown}
Potions
 b - a potion of magic
 c - a potion of degeneration
 e - 2 potions of lignification
 f - 2 potions of haste {unknown}
 i - 6 potions of curing
 k - a potion of cancellation {unknown}
 o - a potion of might {unknown}
 v - a potion of brilliance {unknown}


   Skills:
 - Level 1.7 Dodging
 - Level 1.7 Stealth
 + Level 9.1 Spellcasting
 - Level 1.0 Conjurations
 - Level 2.7 Fire Magic


You had 19 spell levels left.
You knew the following spells:

 Your Spells              Type           Power      Damage    Failure   Level
a - Foxfire               Conj/Fire      56%        2x1d6     4%          1
b - Scorch                Fire           34%        2d7       4%          2
c - Apportation           Tloc           16%        N/A       9%          1
d - Passwall              Tmut/Erth      6%         N/A       13%         2

Your spell library contained the following spells:

 Spells                   Type           Power      Damage    Failure   Level
 Conjure Flame            Conj/Fire      14%        6-21      12%         3
 Ensorcelled Hibernation  Hex/Ice        16%        N/A       13%         2
 Inner Flame              Hex/Fire       13%        N/A       16%         3
 Ignite Poison            Fire/Tmut/Pois 11%        N/A       19%         3
 Frozen Ramparts          Ice            16%        1d3       26%         3
 Swiftness                Air            8%         N/A       26%         3
 Flame Wave               Conj/Fire      14%        2d6       38%         4
 Sticky Flame             Conj/Fire      14%        2d4       38%         4
 Ice Form                 Ice/Tmut       8%         N/A       65%         4
 Leda's Liquefaction      Hex/Erth       4%         N/A       65%         4
 Summon Ice Beast         Ice/Summ       8%         N/A       65%         4
 Lightning Bolt           Conj/Air       5%         1d17      89%         5
 Alistair's Intoxication  Tmut/Pois      5%         N/A       94%         5
 Lehudib's Crystal Spear  Conj/Erth      5%         10d3      100%        8


Dungeon Overview and Level Annotations

Branches:
Dungeon (7/15)
 Temple: D:4-7

Altars:
Ashenzari
Hepliaklqana

Annotations:
D:2 exclusion: downstairs
D:7 exclusion: upstairs


Innate Abilities, Weirdness & Mutations

You are completely covered in thin metallic scales. (AC +4, rElec)
You sometimes emit foul miasma when damaged in melee.
Spells you cast may paralyse adjacent enemies.


Message History

The foxfire hits the troll.
The troll is lightly wounded.
Casting: Foxfire (safe; 4% risk of failure)
Confirm with . or Enter, or press ? or * to list all spells.
Flames lash the troll.
The troll is moderately wounded.
The troll's fire resistance burns away.
Malevolent energies surge around you. The troll closely misses you.
The troll claws you. The troll misses you.
Casting: Scorch (safe; 4% risk of failure)
Confirm with . or Enter, or press ? or * to list all spells.
Flames lash the troll.
The troll is burned terribly!
The troll is heavily wounded.
Malevolent energies surge around you.
The troll suddenly stops moving!
Your magical contamination has completely faded away.
Unknown command.
Casting: Scorch (safe; 4% risk of failure)
Confirm with . or Enter, or press ? or * to list all spells.
Flames lash the troll.
The troll is burned terribly!
The troll is heavily wounded.
Malevolent energies surge around you.
Unknown command.
The helpless troll fails to defend itself.
You puncture the troll!
The troll is poisoned.
The troll is severely wounded.
The troll is no longer paralysed.
The troll closely misses you. The troll claws you! x2
You hit the troll.
The troll is severely wounded.
The troll bites you! The troll claws you.
The troll claws you but does no damage.
You are too injured to fight recklessly!
Casting: Scorch (safe; 4% risk of failure)
Confirm with . or Enter, or press ? or * to list all spells.
Flames lash the troll.
The troll is burned terribly!
The troll is almost dead.
Malevolent energies surge around you. The troll barely misses you.
The troll closely misses you. The troll claws you.
* * * LOW HITPOINT WARNING * * *
The troll bites you!
You die...

.####*#######...#####**#........#
.##.#########'''#******####.....#
.##.).....#'#...# #.....#
.##.####.#....#.###### #.....#
..#)# #.#...##......# #.....#
....# #[#...##..(...# #.....#
#..##**#.+...##......# #.....#
##...,,.##...##......###**#######
.#......*#...##.@.......,,,,*
.#......##...###.T...###***,*
.#......##...# #.....#*****+**
.#......#*,,,* #........,,,,,****
........#*,,,* #####....,,,,,+,,,
.##,,,,,**,,,* *....,,,,,****
.#*,,,,,,*,,,*** *,...,,,,,+,,,
,***,,,,,',,,,,* *,,..,,,,,****
****,,,,,*,,,*,* ***,,,,,,,,,* *


You could see a troll (very poisoned, combustible).

Vanquished Creatures
  A water moccasin (D:7)
  An ice beast (D:6)
  3 black bears
  A bullfrog (D:6)
  2 scorpions
  2 hounds (D:5)
  An orc priest (D:4)
  A jelly (D:6)
  4 iguanas
  2 orc wizards
  4 adders
  7 gnolls
  A white imp (D:5)
  2 dart slugs
  7 orcs
  7 endoplasms
  5 giant cockroaches
  8 hobgoblins
  8 kobolds
  6 ball pythons
  5 bats
  3 frilled lizards
  7 goblins
  6 rats
94 creatures vanquished.

Vanquished Creatures (others)
  383 foxfires
  3 fungi (D:1)
  10 plants
396 creatures vanquished.

Grand Total: 490 creatures vanquished

Notes
Turn   | Place    | Note
-------+----------+-------------------------------------------
     0 | D:1      | 112233 the Demonspawn Fire Elementalist began the quest for
                  | the Orb.
     0 | D:1      | Reached XP level 1. HP: 13/13 MP: 3/3
   287 | D:1      | Gained mutation: You may rarely emit foul miasma when
                  | damaged in melee. [demonic ancestry]
   287 | D:1      | Reached XP level 2. HP: 19/19 MP: 1/5
   650 | D:1      | Found a faded altar of an unknown god.
   728 | D:1      | Reached skill level 3 in Spellcasting
   785 | D:1      | Got the Catalogue of the Coarse Tempest
  1239 | D:2      | Gained mutation: You are partially covered in thin metallic
                  | scales. (AC +2) [demonic ancestry]
  1239 | D:2      | Reached XP level 3. HP: 24/24 MP: 3/7
  2001 | D:2      | Learned a level 2 spell: Scorch
  2004 | D:2      | Learned a level 1 spell: Apportation
  2007 | D:2      | Learned a level 2 spell: Passwall
  2461 | D:3      | Noticed a centaur
  2609 | D:3      | Reached skill level 4 in Spellcasting
  3199 | D:3      | Gained mutation: Spells you cast may paralyse adjacent
                  | enemies. [demonic ancestry]
  3199 | D:3      | Reached XP level 4. HP: 30/30 MP: 8/10
  3705 | D:4      | Found a broken altar of Ashenzari.
  3712 | D:4      | Reached skill level 5 in Spellcasting
  3712 | D:4      | Gained mutation: You are mostly covered in thin metallic
                  | scales. (AC +3) [demonic ancestry]
  3712 | D:4      | Reached XP level 5. HP: 35/35 MP: 0/12
  3870 | D:4      | Noticed a black bear
  3884 | D:4      | Killed a black bear
  4176 | D:3      | Gained mutation: You are completely covered in thin
                  | metallic scales. (AC +4, rElec) [demonic ancestry]
  4176 | D:3      | Reached XP level 6. HP: 23/41 MP: 0/14
  4183 | D:3      | Reached skill level 6 in Spellcasting
  5135 | D:5      | Entered Level 5 of the Dungeon
  5389 | D:5      | Reached skill level 7 in Spellcasting
  5437 | D:5      | Gained mutation: You sometimes emit foul miasma when
                  | damaged in melee. [demonic ancestry]
  5437 | D:5      | Reached XP level 7. HP: 41/46 MP: 10/17
  5613 | D:5      | Found a hazy altar of Hepliaklqana.
  6088 | D:6      | Reached skill level 8 in Spellcasting
  6156 | D:6      | Noticed a troll
  6673 | D:6      | Reached XP level 8. HP: 47/52 MP: 13/20
  6679 | D:6      | Reached skill level 9 in Spellcasting
  7106 | D:6      | Slain by a troll

Illustrated notes

Levels and vault maps discovered:
D:1:      lemuel_arrival_river_ford, layout_rooms,
          shapermc_ecumenical_altar_mp_urbaneastern
D:2:      layout_basic
D:3:      layout_loops_corners, lightli_corner_chamber
D:4:      layout_loops_corners, zin_scriptorium, evilmike_ruin_ashenzari
D:5:      layout_cave_pools, nicolae_hepliaklqana_hazy_memory
D:6:      layout_basic, nemelex_altar_shiori, mainiacjoe_overflow_boulevard
D:7:      statuecave_lemuel, layout_cave_pools, overflow_temple_1_default,
          minmay_temple_entry_ruins, minmay_three_doors, uniq_prince_ribbit1

Skill      XL: |  1  2  3  4  5  6  7  8 |
---------------+-------------------------+-----
Spellcasting   | 3 4 5 7 8 9 |  9.1
Dodging        | |  1.7
Stealth        | |  1.7
Conjurations   | |  1.0
Fire Magic     | |  2.7

Action                   |  1- 3 |  4- 6 |  7- 9 || total
-------------------------+-------+-------+-------++-------
Melee: Unarmed           |     4 |       |       ||     4
       Dagger            |     1 |    20 |    15 ||    36
 Cast: Foxfire           |   136 |    54 |    40 ||   230
       Scorch            |     2 |    20 |    27 ||    49
  Use: Scroll            |     1 |       |     3 ||     4
       Potion            |       |     3 |       ||     3
 Stab: Paralysed         |       |     7 |     8 ||    15
Armor: Robe              |     6 |    15 |    21 ||    42
       Skin              |       |     1 |       ||     1
Dodge: Dodged            |    28 |    29 |    54 ||   111
